AoeStats
← garotq

Arena

504833543Analyzed
1v1 RM · 25d ago on Sep 6, 2026· 78m 43s· 2 players
Game mode
Random Map
Map size
Tiny (2 player)
Population
200
Speed
Normal
Resources
Standard
Victory
Conquest
Starting age
Dark Age
Ending age
Imperial Age
RankedLock teamsTeams togetherTeam positionsShared explorationLock speedFull tech treeHidden civsTurbo modeCheats
Victory
Defeat
🇬🇧 Portuguese · United Kingdom
512
+18
🇫🇷 Goths · France
560
-35
Yido4eva
12:39 Feudal Age
13:15 Horse Collar
13:24 Double-Bit Axe
19:16 Wheelbarrow
21:34 Castle Age
20:39 Forging
20:37 Scale Barding Armor
23:03 Heavy Plow
23:18 Bow Saw
23:05 Light Cavalry
27:23 Husbandry
27:34 Bloodlines
30:26 Iron Casting
30:12 Chain Barding Armor
39:36 Imperial Age
38:09 Fortified Wall
38:10 Masonry
37:42 Treadmill Crane
38:24 Ballistics
38:01 Murder Holes
44:51 Chemistry
43:29 Cavalier
46:28 Bombard Tower
49:05 Blast Furnace
48:42 Plate Barding Armor
49:48 Elite Organ Gun
50:52 Conscription
52:54 Siege Engineers
53:21 Architecture
57:26 Arquebus
garotq
11:21 Feudal Age
13:20 Double-Bit Axe
13:19 Horse Collar
14:51 Wheelbarrow
14:10 Man-at-Arms
20:27 Gold Mining
20:27 Stone Mining
26:22 Castle Age
30:08 Pikeman
30:49 Squires
34:16 Hand Cart
37:50 Scale Mail Armor
38:01 Forging
41:11 Iron Casting
41:50 Anarchy
49:48 Imperial Age
47:49 Ballistics
47:24 Murder Holes
50:11 Stone Shaft Mining
49:40 Heavy Plow
49:53 Elite Huskarl
50:40 Perfusion
53:16 Chemistry
52:28 Masonry
52:41 Chain Mail Armor
53:36 Blast Furnace
58:22 Conscription
Connection lost

Rejoining the realm…

Still unreachable

The connection could not be restored.

Session expired

The server has moved on; the page needs a fresh start.